 Dungeon Crawl Stone Soup version 0.18.1-2-ga659475 (webtiles) character file.

2436 Wooh the Nimble (level 9, -2/48 HPs)
             Began as a Kobold Assassin on May 8, 2016.
             Was a Believer of Nemelex Xobeh.
             Slain by a crocodile (4 damage)
             ... led by Pikel
             ... on level 6 of the Dungeon.
             The game lasted 00:31:55 (8688 turns).

Wooh the Nimble (Kobold Assassin)                   Turns: 8688, Time: 00:31:55

Health: -2/48      AC: 10    Str:  9    XL:     9   Next: 77%
Magic:  15/15      EV: 22    Int:  9    God:    Nemelex Xobeh [**....]
Gold:   438        SH:  5    Dex: 21    Spells: 0 memorised, 8 levels left

rFire  . . .     SeeInvis .     a - +2 dagger
rCold  . . .     Gourm    .     p - +0 robe {rN+}
rNeg   + . .     Faith    .     s - +0 buckler
rPois  .         Spirit   .     k - +0 helmet
rElec  .         Dismiss  .     d - +0 cloak
rCorr  .         Reflect  .     H - +0 pair of gloves
SustAt .         Harm     .     (no boots)
MR     .....                    (no amulet)
Stlth  ++++......               (no ring)
                                J - +5 ring of protection

@: not resistant to hostile enchantments, stealthy
A: carnivore 3
a: Renounce Religion


You were on level 6 of the Dungeon.
You worshipped Nemelex Xobeh.
Nemelex Xobeh was pleased with you.
You were very full.

You visited 1 branch of the dungeon, and saw 9 of its levels.

You collected 438 gold pieces.

Inventory:

Hand Weapons
 a - a +2 dagger (weapon)
 b - a +0 blowgun
Missiles
 e - 14 poisoned needles
 f - 2 curare-tipped needles
 h - 2 needles of confusion
Armour
 c - a +0 robe
 d - a +0 cloak (worn)
 k - a +0 helmet (worn)
 p - a +0 robe of positive energy (worn)
 s - a +0 buckler (worn)
 x - a +2 robe of cold resistance
 H - a +0 pair of gloves (worn)
 I - the +0 robe of Polytheism {rF+ Int+3}
   (You found it on level 9 of the Dungeon)

   It affects your intelligence (+3).
   It protects you from fire.
Jewellery
 J - a +5 ring of protection (left hand)
Wands
 D - a wand of iceblast (6/15)
Scrolls
 j - a scroll of magic mapping {unknown}
 l - 4 scrolls of remove curse
 m - a scroll of blinking {unknown}
 n - 8 scrolls of identify {unknown}
 q - a scroll of immolation {unknown}
 r - 2 scrolls of enchant weapon {unknown}
 u - 3 scrolls of amnesia {unknown}
 y - 2 scrolls of teleportation
Potions
 i - 2 potions of lignification {unknown}
 o - a potion of beneficial mutation {unknown}
 w - 2 potions of heal wounds {unknown}
 B - a potion of cancellation {unknown}
 C - a potion of curing
 E - a potion of resistance {unknown}
 F - a potion of mutation {unknown}
 G - a potion of brilliance {unknown}
 M - a potion of ambrosia {unknown}
Miscellaneous
 z - a plain deck of destruction
 L - a plain deck of destruction {drawn: 1}
Comestibles
 g - 3 meat rations
 t - 4 beef jerkies
 v - 9 slices of pizza
 K - 8 chunks of flesh


   Skills:
 - Level 2.1 Fighting
 - Level 7.4 Short Blades
 - Level 6.5 Throwing
 + Level 8.3 Dodging
 - Level 5.3 Stealth
 - Level 8.1 Evocations


You had 8 spell levels left.
You didn't know any spells.

Dungeon Overview and Level Annotations

Branches:
Dungeon (9/15)             Temple (0/1) D:6
   Lair: D:8-11         Orc: D:9-12

Altars:
Ashenzari
Cheibriados
Gozag
Nemelex Xobeh
Okawaru
Pakellas
Qazlal
Ru
Sif Muna
The Shining One

Shops:
D:6 =   D:8 }


Innate Abilities, Weirdness & Mutations

You are small and have problems with some larger weapons.
You are carnivorous and can eat meat at any time.


Message History

You draw a card...
It is Pain.
The deck of cards disappears without a trace.
You have drawn Pain.
Press: ? - help, Shift-Dir - straight line, f/p - crocodile
Aim: a crocodile (almost dead, lightly drained)
The crocodile convulses in agony!
The crocodile completely misses you.
Evoke which item? (* to show all) (? for menu, Esc to quit)
You don't have any such object.
Evoke which item? (* to show all) (? for menu, Esc to quit)
You don't have any such object.
Evoke which item? (* to show all) (? for menu, Esc to quit)
Okay, then.
Evoke which item? (* to show all) (? for menu, Esc to quit)
You draw a card...
It is Pain.
You have drawn Pain.
Press: ? - help, Shift-Dir - straight line, f/p - crocodile
Aim: a crocodile (almost dead, lightly drained)
The crocodile barely resists.
The crocodile bites you.
You die...
Your body glows slightly and disappears.

#......#.....# #
#......#.....####
#..≈≈≈.'.(...'...
#####.≈≈≈≈≈#.....####
#.....≈≈.≈≈#.....# #
##.###≈≈≈≈≈#.....# #
#...##≈≈≈##.....# #
###.###_###.....# #
#@# ### ####### # #t#
# #y# # #)# #[# #[#
.[# #.# #.#


You could see a crocodile and a wasp.

Vanquished Creatures
  A human (D:7)
  Menkaure (D:6)
  Edmund (D:6)
  A water moccasin (D:6)
  A hell hound (D:6)
  An ice beast (D:5)
  3 phantoms
  2 centaurs
  A big kobold (D:6)
  A giant frog (D:6)
  3 killer bees (D:7)
  4 howler monkeys (D:7)
  A giant frog skeleton (D:6)
  A centaur zombie (D:7)
  3 orc priests
  4 hounds
  3 iguanas
  A jelly (D:7)
  6 orc wizards
  Ijyb (D:3)
  Jessica (D:3)
  2 worker ants
  4 sheep (D:7)
  A hound skeleton (D:6)
  Robin (D:3)
  10 adders
  An ooze (D:3)
  An adder skeleton (D:9)
  An adder zombie (D:5)
  3 worms
  3 dart slugs
  3 giant geckos
  18 orcs
  9 giant cockroaches
  15 goblins
  8 hobgoblins
  25 jackals
  A quokka (D:2)
  4 ball pythons
  7 bats
  4 giant newts
  8 kobolds
  10 rats
180 creatures vanquished.

Vanquished Creatures (others)
  Blork the orc (D:3)
  A hobgoblin (D:3)
2 creatures vanquished.

Grand Total: 182 creatures vanquished

Notes
Turn   | Place    | Note
--------------------------------------------------------------
     0 | D:1      | Wooh the Kobold Assassin began the quest for the Orb.
     0 | D:1      | Reached XP level 1. HP: 12/12 MP: 1/1
   100 | D:1      | Reached XP level 2. HP: 16/17 MP: 2/2
   463 | D:1      | Reached XP level 3. HP: 21/21 MP: 3/3
  1193 | D:2      | Found a sacrificial altar of Ru.
  1204 | D:2      | Reached skill level 5 in Short Blades
  1204 | D:2      | Reached XP level 4. HP: 26/26 MP: 4/4
  1440 | D:2      | Found a glowing golden altar of the Shining One.
  1540 | D:2      | Found an iron altar of Okawaru.
  1741 | D:2      | Reached XP level 5. HP: 30/30 MP: 5/5
  2308 | D:3      | Noticed Robin
  2697 | D:2      | HP: 1/30 [goblin/club[Robin] (2)]
  3149 | D:3      | Killed Robin
  3425 | D:3      | Noticed Ijyb
  3452 | D:3      | Killed Ijyb
  3452 | D:3      | Reached XP level 6. HP: 34/35 MP: 6/6
  3742 | D:3      | Found an opulent altar of Gozag.
  3831 | D:3      | Noticed Jessica
  3850 | D:3      | Killed Jessica
  3931 | D:3      | You fall through a shaft for 2 floors!
  3931 | D:5      | Entered Level 5 of the Dungeon
  3936 | D:5      | Noticed a phantom
  3943 | D:5      | Killed a phantom
  4000 | D:4      | Reached XP level 7. HP: 10/40 MP: 7/7
  4388 | D:4      | Reached skill level 5 in Dodging
  4399 | D:4      | HP: 2/40 [orc priest/divine providence (13)]
  4839 | D:4      | Found a sparkling altar of Nemelex Xobeh.
  4847 | D:4      | Became a worshipper of Nemelex Xobeh the Trickster
  4882 | D:4      | Received a gift from Nemelex Xobeh
  5189 | D:3      | Noticed Blork the orc
  5397 | D:3      | Killed Blork the orc
  5401 | D:3      | Received a gift from Nemelex Xobeh
  5406 | D:3      | Found a deep blue altar of Sif Muna.
  5656 | D:5      | Reached skill level 1 in Evocations
  5789 | D:5      | Reached * piety under Nemelex Xobeh
  5873 | D:5      | Reached XP level 8. HP: 5/44 MP: 9/11
  6010 | D:5      | Reached skill level 5 in Evocations
  6975 | D:6      | Found a staircase to the Ecumenical Temple.
  7006 | D:6      | You fall through a shaft for 3 floors!
  7006 | D:9      | Found a shattered altar of Ashenzari.
  7022 | D:9      | Got an ominously black robe
  7042 | D:9      | Identified the cursed +0 robe of Polytheism {rF+ Int+3} (You found it on level 9 of the Dungeon)
  7079 | D:8      | Found an oddly glowing altar of Pakellas.
  7079 | D:8      | Found Pakellas's Prime Provisions.
  7285 | D:7      | Noticed a human
  7314 | D:7      | Killed a human
  7436 | D:7      | Found a stormy altar of Qazlal.
  7520 | D:7      | Reached XP level 9. HP: 44/48 MP: 15/15
  7791 | D:7      | Reached skill level 5 in Throwing
  7817 | D:6      | Reached ** piety under Nemelex Xobeh
  8044 | D:6      | Found a snail-covered altar of Cheibriados.
  8108 | D:6      | Found Utir Buf's Jewellery Boutique.
  8194 | D:6      | Noticed Edmund
  8199 | D:6      | Killed Edmund
  8266 | D:6      | Received a gift from Nemelex Xobeh
  8308 | D:6      | Noticed Menkaure
  8314 | D:6      | Killed Menkaure
  8640 | D:6      | Noticed Pikel
  8651 | D:6      | Noticed Pikel
  8651 | D:6      | Pikel changed into Pikel the hell hound
  8662 | D:6      | Killed Pikel the hell hound
  8685 | D:6      | HP: 2/48 [crocodile[Pikel] (14)]
  8688 | D:6      | Slain by a crocodile

Skill      XL: |  1  2  3  4  5  6  7  8  9 |
---------------+----------------------------+-----
Short Blades   | 3 4 5 6 7 |  7.4
Dodging        | 2 4 6 8 |  8.3
Evocations     | 4 8 |  8.1
Throwing       | 3 6 |  6.5
Fighting       | |  2.1
Stealth        | |  5.3

Action                   |  1- 3 |  4- 6 |  7- 9 || total
-------------------------+-------+-------+-------++-------
Melee: Dagger            |    76 |   227 |   487 ||   790
 Fire: Blowgun           |       |    48 |   120 ||   168
Evoke: Deck              |       |       |    12 ||    12
  Use: Potion            |       |     2 |     1 ||     3
       Scroll            |       |     1 |     1 ||     2
 Stab: Sleeping          |    13 |    15 |     8 ||    36
       Distracted        |     1 |     1 |       ||     2
  Eat: Chunk             |     6 |     8 |    18 ||    32
Armor: Robe              |     9 |    46 |    73 ||   128
Dodge: Dodged            |    29 |   175 |   379 ||   583
Block: Buckler           |       |    15 |    99 ||   114
